TOP OF THE 1ST |
Wisconsin Rapids Timber Rattlers batting - Pitching for Quad Cities Angels : RHP Mark Brown
|
Pitching: RHP Mark Brown
|
|
Batting: RHB Tim Pyznarski
|
0-0: Called Strike 0-1: Ball 1-1: Fly out, F8 (Flyball, 8LXD, EV 90.0 MPH)
|
Batting: RHB Jim Presley
|
0-0: Called Strike 0-1: Ball 1-1: Ball 2-1: Fly out, F9 (Flyball, 89S, EV 89.4 MPH)
|
Batting: LHB Dion James
|
0-0: Ball 1-0: Ball 2-0: Called Strike 2-1: Swinging Strike 2-2: Strikes out looking
|
Top of the 1st over - 0 runs, 0 hits, 0 errors, 0 left on base; Wisconsin Rapids 0 - Quad Cities 0 |
BOTTOM OF THE 1ST |
Quad Cities Angels batting - Pitching for Wisconsin Rapids Timber Rattlers : LHP Raul Morales
|
Pitching: LHP Raul Morales
|
|
Batting: RHB Mike Sharperson
|
0-0: Called Strike 0-1: Ball 1-1: DOUBLE (Line Drive, 89D, EV 108.1 MPH)
|
Batting: RHB Rolando Roomes
|
0-0: Fly out, F9 (Flyball, 9LD, EV 101.9 MPH) Runner from 2nd tags up, SAFE at 3rd, no throw by RF
|
Batting: RHB Dionisio DeJesus
|
0-0: Ground out 4-3 (Groundball, 4, EV 81.3 MPH) Mike Sharperson scores
|
Batting: RHB Greg Griffin
|
0-0: Called Strike 0-1: Ground out 6-3 (Groundball, 6, EV 83.8 MPH)
|
Bottom of the 1st over - 1 run, 1 hit, 0 errors, 0 left on base; Wisconsin Rapids 0 - Quad Cities 1 |
TOP OF THE 2ND |
Wisconsin Rapids Timber Rattlers batting - Pitching for Quad Cities Angels : RHP Mark Brown
|
Batting: LHB Greg Smith
|
0-0: Foul Ball, location: 2F 0-1: Ball 1-1: Ball 2-1: Ball 3-1: Swinging Strike 3-2: Base on Balls
|
Batting: RHB Barbaro Garbey
|
0-0: Fly out, F7 (Flyball, 7LD, EV 97.5 MPH)
|
Batting: LHB Matt Hall
|
0-0: Ball 1-0: Ball 2-0: Ball 3-0: Base on Balls Greg Smith to second
|
Batting: RHB Darryl Motley
|
0-0: Ball 1-0: Foul Ball, location: 2F 1-1: Ball 2-1: Foul Ball, location: 2F 2-2: SINGLE (Line Drive, 7S, EV 90.0 MPH) Greg Smith to third Matt Hall to second Runner from 3rd tries for Home, SAFE, throw by LF to home
|
Batting: RHB Al Pedrique
|
0-0: Grounds into double play, 4-6-3 (Groundball, 4, EV 104.4 MPH)
|
Top of the 2nd over - 1 run, 1 hit, 0 errors, 1 left on base; Wisconsin Rapids 1 - Quad Cities 1 |
BOTTOM OF THE 2ND |
Quad Cities Angels batting - Pitching for Wisconsin Rapids Timber Rattlers : LHP Raul Morales
|
Batting: RHB Oscar Mejia
|
0-0: Called Strike 0-1: Ball 1-1: Ground out 4-3 (Groundball, 34, EV 86.3 MPH)
|
Batting: LHB Chuck Sandberg
|
0-0: Foul Ball, location: 2F 0-1: Ball 1-1: Ball 2-1: Ball 3-1: Swinging Strike 3-2: Ground out U3 (Groundball, 3, EV 105.0 MPH)
|
Batting: RHB Craig Walck
|
0-0: Ball 1-0: Called Strike 1-1: Ball 2-1: Foul Ball, location: 2F 2-2: SOLO HOME RUN (Flyball, 8RXD, EV 105.0 MPH), Distance : 428 ft
|
Batting: SHB Frank Diaz
|
0-0: Ball 1-0: Called Strike 1-1: Swinging Strike 1-2: Strikes out swinging
|
Bottom of the 2nd over - 1 run, 1 hit, 0 errors, 0 left on base; Wisconsin Rapids 1 - Quad Cities 2 |
TOP OF THE 3RD |
Wisconsin Rapids Timber Rattlers batting - Pitching for Quad Cities Angels : RHP Mark Brown
|
Batting: RHB Phil Lombardi
|
0-0: Called Strike 0-1: Ball 1-1: Called Strike 1-2: Foul Ball, location: 2F 1-2: Strikes out swinging
|
Batting: RHB Tim Pyznarski
|
0-0: Called Strike 0-1: Fly out, F8 (Flyball, 89M, EV 95.0 MPH)
|
Batting: RHB Jim Presley
|
0-0: Called Strike 0-1: Swinging Strike 0-2: Foul Ball, location: 2F 0-2: Ball 1-2: Foul Ball, location: 2F 1-2: Strikes out swinging
|
Top of the 3rd over - 0 runs, 0 hits, 0 errors, 0 left on base; Wisconsin Rapids 1 - Quad Cities 2 |
BOTTOM OF THE 3RD |
Quad Cities Angels batting - Pitching for Wisconsin Rapids Timber Rattlers : LHP Raul Morales
|
Batting: RHB Cecil Strawn
|
0-0: DOUBLE (Flyball, 89XD, EV 96.3 MPH)
|
Batting: RHB Mike Sharperson
|
0-0: Foul Ball, location: 2F 0-1: Ball 1-1: Called Strike 1-2: Ground out 6-3 (Groundball, 56, EV 81.3 MPH)
|
Batting: RHB Rolando Roomes
|
0-0: Ball 1-0: Called Strike 1-1: Fly out, F2 (Popup, 23F, EV 86.3 MPH)
|
Batting: RHB Dionisio DeJesus
|
0-0: Foul Ball, location: 2F 0-1: Ball 1-1: Called Strike 1-2: Ball 2-2: Ball 3-2: Strikes out swinging
|
Bottom of the 3rd over - 0 runs, 1 hit, 0 errors, 1 left on base; Wisconsin Rapids 1 - Quad Cities 2 |
TOP OF THE 4TH |
Wisconsin Rapids Timber Rattlers batting - Pitching for Quad Cities Angels : RHP Mark Brown
|
Batting: LHB Dion James
|
0-0: Ball 1-0: Ground out 4-3 (Groundball, 4, EV 100.6 MPH)
|
Batting: LHB Greg Smith
|
0-0: Called Strike 0-1: Ball 1-1: Fly out, F4 (Popup, 4M, EV 68.1 MPH)
|
Batting: RHB Barbaro Garbey
|
0-0: Ball 1-0: Ball 2-0: Fly out, F7 (Flyball, 7, EV 88.8 MPH)
|
Top of the 4th over - 0 runs, 0 hits, 0 errors, 0 left on base; Wisconsin Rapids 1 - Quad Cities 2 |
BOTTOM OF THE 4TH |
Quad Cities Angels batting - Pitching for Wisconsin Rapids Timber Rattlers : LHP Raul Morales
|
Batting: RHB Greg Griffin
|
0-0: Called Strike 0-1: Swinging Strike 0-2: SINGLE (Groundball, 56D, EV 101.9 MPH)
|
Batting: RHB Oscar Mejia
|
0-0: Foul Ball, location: 2F 0-1: Ball 1-1: Ball 2-1: Fly out, F8 (Flyball, 89D, EV 98.1 MPH)
|
Batting: LHB Chuck Sandberg
|
0-0: Called Strike 0-1: Ball Wild Pitch! Greg Griffin to second 1-1: Swinging Strike 1-2: Strikes out swinging
|
Batting: RHB Craig Walck
|
0-0: Called Strike 0-1: Ball 1-1: Ball 2-1: Called Strike 2-2: Foul Ball, location: 2F 2-2: Foul Ball, location: 2F 2-2: Foul Ball, location: 2F 2-2: Ball 3-2: Base on Balls
|
Batting: SHB Frank Diaz
|
0-0: Foul Ball, location: 2F 0-1: Fielders Choice at 2nd, 5-4 (Groundball, 56, EV 82.5 MPH)
|
Bottom of the 4th over - 0 runs, 1 hit, 0 errors, 2 left on base; Wisconsin Rapids 1 - Quad Cities 2 |
TOP OF THE 5TH |
Wisconsin Rapids Timber Rattlers batting - Pitching for Quad Cities Angels : RHP Mark Brown
|
Batting: LHB Matt Hall
|
0-0: Called Strike 0-1: Swinging Strike 0-2: Ball 1-2: Foul Ball, location: 2F 1-2: Ball 2-2: Foul Ball, location: 2F 2-2: Foul Ball, location: 2F 2-2: Foul Ball, location: 2F 2-2: Ball 3-2: Foul Ball, location: 2F 3-2: DOUBLE (Line Drive, 5D, EV 96.9 MPH)
|
Batting: RHB Darryl Motley
|
0-0: Ball 1-0: Foul Ball, location: 2F 1-1: Swinging Strike 1-2: Ball 2-2: Ground out 6-3 (Groundball, 6, EV 80.6 MPH) Matt Hall to third
|
Batting: RHB Al Pedrique
|
0-0: Ball 1-0: Ball 2-0: Fly out, F7 (Flyball, 78D, EV 103.8 MPH) Runner from 3rd tags up, SCORES, throw by LF
|
Batting: RHB Phil Lombardi
|
0-0: Ball 1-0: Ball 2-0: Foul Ball, location: 2F 2-1: Ball 3-1: Foul Ball, location: 2F 3-2: Strikes out swinging
|
Top of the 5th over - 1 run, 1 hit, 0 errors, 0 left on base; Wisconsin Rapids 2 - Quad Cities 2 |
BOTTOM OF THE 5TH |
Quad Cities Angels batting - Pitching for Wisconsin Rapids Timber Rattlers : LHP Raul Morales
|
Batting: RHB Cecil Strawn
|
0-0: Foul Ball, location: 2F 0-1: Ball 1-1: Ball 2-1: Ball 3-1: Swinging Strike 3-2: Foul Ball, location: 2F 3-2: SINGLE (Groundball, 4D, EV 101.3 MPH)
|
Batting: RHB Mike Sharperson
|
0-0: Ball 1-0: Called Strike 1-1: Ball 2-1: Ball 3-1: Foul Ball, location: 2F 3-2: Ground out 5-3 (Groundball, 56, EV 103.8 MPH) Cecil Strawn to second
|
Batting: RHB Rolando Roomes
|
0-0: SINGLE (Line Drive, 7S, EV 91.9 MPH) Cecil Strawn to third Throwing error, E7 Cecil Strawn scores Rolando Roomes to second
|
Batting: RHB Dionisio DeJesus
|
0-0: Ball 1-0: Foul Ball, location: 2F 1-1: Ball 2-1: SINGLE (Groundball, 34D, EV 103.1 MPH) Rolando Roomes to third Runner from 3rd tries for Home, SAFE, throw by RF to home Dionisio DeJesus to second
|
Batting: RHB Greg Griffin
|
0-0: Ball 1-0: Ball 2-0: Ball 3-0: Base on Balls
|
Batting: RHB Oscar Mejia
|
0-0: Grounds into double play, 5-4-3 (Groundball, 5, EV 87.5 MPH)
|
Bottom of the 5th over - 2 runs, 3 hits, 1 error, 1 left on base; Wisconsin Rapids 2 - Quad Cities 4 |
TOP OF THE 6TH |
Wisconsin Rapids Timber Rattlers batting - Pitching for Quad Cities Angels : RHP Mark Brown
|
Batting: RHB Tim Pyznarski
|
0-0: SINGLE (Line Drive, 89S, EV 113.1 MPH)
|
Batting: RHB Jim Presley
|
0-0: Ball 1-0: Fielders Choice at 2nd, 5-4 (Groundball, 56S, EV 80.6 MPH)
|
Batting: LHB Dion James
|
0-0: Ball 1-0: Called Strike 1-1: Ball 2-1: Ball 3-1: Foul Ball, location: 2F 3-2: SINGLE (Line Drive, 56D, EV 104.4 MPH) Jim Presley to second Jim Presley to third
|
Batting: LHB Greg Smith
|
0-0: Called Strike 0-1: Swinging Strike 0-2: Strikes out looking
|
Batting: RHB Barbaro Garbey
|
0-0: Ball 1-0: Fly out, F4 (Line Drive, 4, EV 65.0 MPH)
|
Top of the 6th over - 0 runs, 2 hits, 0 errors, 2 left on base; Wisconsin Rapids 2 - Quad Cities 4 |
BOTTOM OF THE 6TH |
Quad Cities Angels batting - Pitching for Wisconsin Rapids Timber Rattlers : LHP Raul Morales
|
Batting: LHB Chuck Sandberg
|
0-0: Ball 1-0: Foul Ball, location: 2F 1-1: Ball 2-1: Ball 3-1: Foul Ball, location: 2F 3-2: Fly out, F9 (Flyball, 89S, EV 78.1 MPH)
|
Batting: RHB Craig Walck
|
0-0: Ball 1-0: Ball 2-0: Ball 3-0: Base on Balls
|
Batting: SHB Frank Diaz
|
0-0: Swinging Strike 0-1: Ball Wild Pitch! Craig Walck to second 1-1: Foul Ball, location: 2F 1-2: Ball 2-2: Foul Ball, location: 2F 2-2: Ball 3-2: SINGLE (Groundball, 34D, EV 98.8 MPH) Craig Walck to third
|
Pitching: RHP Bill Peltola
|
|
Batting: RHB Cecil Strawn
|
0-0: Called Strike 0-1: Ball 1-1: Ball Frank Diaz is caught stealing 2nd base 2-4 2-1: SINGLE (Flyball, 78S, EV 86.3 MPH) Craig Walck scores
|
Batting: RHB Mike Sharperson
|
0-0: Called Strike 0-1: Ball 1-1: Foul Ball, location: 2F 1-2: Fly out, F7 (Flyball, 78S, EV 92.5 MPH)
|
Bottom of the 6th over - 1 run, 2 hits, 0 errors, 1 left on base; Wisconsin Rapids 2 - Quad Cities 5 |
TOP OF THE 7TH |
Wisconsin Rapids Timber Rattlers batting - Pitching for Quad Cities Angels : RHP Mark Brown
|
Batting: LHB Matt Hall
|
0-0: Foul Ball, location: 2F 0-1: Foul Ball, location: 2F 0-2: DOUBLE (Line Drive, 8RD, EV 106.3 MPH)
|
Batting: RHB Darryl Motley
|
0-0: Ground out 5-3 (Groundball, 5L, EV 91.9 MPH)
|
Batting: RHB Al Pedrique
|
0-0: Swinging Strike 0-1: Ball 1-1: Called Strike 1-2: Ball 2-2: Ball 3-2: Base on Balls
|
Batting: RHB Phil Lombardi
|
0-0: Ball 1-0: Swinging Strike 1-1: Swinging Strike 1-2: Strikes out swinging
|
Batting: RHB Tim Pyznarski
|
0-0: Ball 1-0: Ball 2-0: Ball 3-0: Base on Balls Matt Hall to third Al Pedrique to second
|
Batting: RHB Jim Presley
|
0-0: Ball 1-0: Foul Ball, location: 2F 1-1: Ball 2-1: Fly out, F9 (Flyball, 9D, EV 90.6 MPH)
|
Top of the 7th over - 0 runs, 1 hit, 0 errors, 3 left on base; Wisconsin Rapids 2 - Quad Cities 5 |
BOTTOM OF THE 7TH |
Quad Cities Angels batting - Pitching for Wisconsin Rapids Timber Rattlers : RHP Bill Peltola
|
Batting: RHB Rolando Roomes
|
0-0: Fly out, F8 (Flyball, 8RM, EV 97.5 MPH)
|
Batting: RHB Dionisio DeJesus
|
0-0: Ball 1-0: SINGLE (Line Drive, 6D, EV 99.4 MPH)
|
Batting: RHB Greg Griffin
|
0-0: Ball 1-0: Swinging Strike 1-1: Fielders Choice at 2nd, 5-4 (Groundball, 56S, EV 89.4 MPH)
|
Batting: RHB Oscar Mejia
|
0-0: Ball 1-0: Fielders Choice at 2nd, 6-4 (Groundball, 6, EV 86.3 MPH)
|
Bottom of the 7th over - 0 runs, 1 hit, 0 errors, 1 left on base; Wisconsin Rapids 2 - Quad Cities 5 |
TOP OF THE 8TH |
Wisconsin Rapids Timber Rattlers batting - Pitching for Quad Cities Angels : RHP Mark Brown
|
Batting: LHB Dion James
|
0-0: Ball 1-0: Ball 2-0: Fly out, F8 (Flyball, 8LS, EV 93.8 MPH)
|
Batting: LHB Greg Smith
|
0-0: Ball 1-0: Called Strike 1-1: Ball 2-1: Ball 3-1: Swinging Strike 3-2: Foul Ball, location: 2F 3-2: Foul Ball, location: 2F 3-2: Strikes out swinging
|
Batting: RHB Barbaro Garbey
|
0-0: Ball 1-0: Called Strike 1-1: Fly out, F8 (Line Drive, 8LD, EV 93.1 MPH)
|
Top of the 8th over - 0 runs, 0 hits, 0 errors, 0 left on base; Wisconsin Rapids 2 - Quad Cities 5 |
BOTTOM OF THE 8TH |
Quad Cities Angels batting - Pitching for Wisconsin Rapids Timber Rattlers : RHP Bill Peltola
|
Batting: LHB Chuck Sandberg
|
0-0: Called Strike 0-1: Ball 1-1: Foul Ball, location: 2F 1-2: Ground out 4-3 (Groundball, 4, EV 79.4 MPH)
|
Batting: RHB Craig Walck
|
0-0: Ball 1-0: Foul Ball, location: 2F 1-1: Foul Ball, location: 2F 1-2: Ground out 6-3 (Groundball, 6, EV 90.0 MPH)
|
Batting: SHB Frank Diaz
|
0-0: Ball 1-0: Called Strike 1-1: Called Strike 1-2: Strikes out swinging, 2-3 out at first.
|
Bottom of the 8th over - 0 runs, 0 hits, 0 errors, 0 left on base; Wisconsin Rapids 2 - Quad Cities 5 |
TOP OF THE 9TH |
Wisconsin Rapids Timber Rattlers batting - Pitching for Quad Cities Angels : RHP Mark Brown
|
Pitching: LHP Michael Shoaf
|
|
Batting: LHB Matt Hall
|
0-0: Ball 1-0: Foul Ball, location: 2F 1-1: Ball 2-1: Ball 3-1: Base on Balls
|
Batting: RHB Darryl Motley
|
0-0: Grounds into double play, 4-6-3 (Groundball, 4, EV 90.0 MPH)
|
Batting: RHB Al Pedrique
|
0-0: Called Strike 0-1: Called Strike 0-2: Ball 1-2: Strikes out swinging
|
Top of the 9th over - 0 runs, 0 hits, 0 errors, 0 left on base; Wisconsin Rapids 2 - Quad Cities 5 |
|